 Dungeon Crawl Stone Soup version 0.27.1-33-g824d729ab1 (webtiles) character file.

Game seed: 6569044655233660440

3131 raph the Arsonist (level 10, 0/63 HPs)
             Began as a Human Fire Elementalist on Dec 26, 2021.
             Was a Follower of Sif Muna.
             Splashed by an acid dragon's acid (14 damage)
             ... on level 8 of the Dungeon.
             The game lasted 00:18:58 (13473 turns).

raph the Arsonist (Human Fire Elementalist)        Turns: 13473, Time: 00:18:58

Health: 0/63       AC:  5    Str: 16    XL:     10   Next: 14%
Magic:  2/13       EV: 11    Int: 18    God:    Sif Muna [*.....]
Gold:   242        SH:  0    Dex: 13    Spells: 0/13 levels left

rFire    + . .     SeeInvis .   a - +2 long sword (drain)
rCold    . . .     Faith    .   (no shield)
rNeg     . . .     Spirit   .   w - +0 swamp dragon scales
rPois    +         Reflect  .   (no helmet)
rElec    .         Harm     .   B - +0 cloak
rCorr    .         Rampage  .   x - +0 pair of gloves
Will     .....                  (no boots)
Stlth    +.........             (no amulet)
HPRegen  0.20/turn              d - ring of protection from fire
MPRegen  0.13/turn              y - +6 ring of strength

@: mighty, corroded, studying Earth Magic
A: no striking features
a: Renounce Religion, Channel Magic


You were on level 8 of the Dungeon.
You worshipped Sif Muna.
Sif Muna was aware of your devotion.
You visited 2 branches of the dungeon, and saw 9 of its levels.
You also visited: Ossuary.

You collected 452 gold pieces.
You spent 210 gold pieces at shops.

Inventory:

Hand Weapons
 a - a +2 long sword of draining (weapon)
 b - a +4 hunting sling
 h - a +0 whip
 D - a +0 long sword
Missiles
 c - 37 poisoned darts
 e - 6 silver javelins
 l - 35 sling bullets
Armour
 v - a +1 robe
 w - +0 swamp dragon scales (worn)
 x - a +0 pair of gloves (worn)
 B - a +0 cloak (worn)
Jewellery
 d - a ring of protection from fire (left hand)
 f - a ring of positive energy
 o - a +4 ring of slaying
 y - a +6 ring of strength (right hand)
 E - an amulet of guardian spirit
Wands
 r - a wand of digging (5)
 s - a wand of iceblast (16)
Potions
 i - a potion of resistance
 j - 3 potions of brilliance
 k - 4 potions of curing
 m - 3 potions of heal wounds
 n - 3 potions of berserk rage {unknown}
 p - a potion of cancellation
 q - a potion of mutation {unknown}
 t - a potion of haste
 u - a potion of flight {unknown}
 z - a potion of invisibility {unknown}
 A - a potion of lignification {unknown}
 C - a potion of ambrosia {unknown}


   Skills:
 - Level 2.0 Dodging
 - Level 2.0 Stealth
 - Level 2.0 Spellcasting
 + Level 9.5 Conjurations
 + Level 10.0 Fire Magic
 + Level 1.7 Invocations


You couldn't memorise any spells.
You knew the following spells:

 Your Spells              Type           Power      Damage    Failure   Level
a - Foxfire               Conj/Fire      100%       2x1d9     1%          1
b - Conjure Flame         Conj/Fire      36%        6-21      1%          3
c - Sticky Flame          Conj/Fire      36%        2d6       6%          4
d - Fireball              Conj/Fire      18%        3d9       17%         5

Your spell library contained the following spells:

 Spells                   Type           Power      Damage    Failure   Level
 Inner Flame              Hex/Fire       19%        N/A       13%         3
 Sublimation of Blood     Necr           0%         N/A       45%         2
 Wereblood                Tmut           1%         N/A       45%         2
 Call Canine Familiar     Summ           1%         N/A       71%         3
 Portal Projectile        Hex/Tloc       2%         N/A       71%         3
 Leda's Liquefaction      Hex/Erth       0%         N/A       98%         4
 Summon Hydra             Summ           0%         N/A       100%        7


Dungeon Overview and Level Annotations

Branches:
Dungeon (8/15)             Temple (1/1) D:4         Ossuary (visited)
   Lair: D:8-11

Altars:
Cheibriados
Elyvilon
Fedhas
Hepliaklqana
Kikubaaqudgha
Qazlal
Ru
Sif Muna
Trog
Uskayaw
Vehumet
Wu Jian
Xom
Yredelemnul
The Shining One
Lugonu

Shops:
D:1 !   D:4 *

Portals:
Abyss: D:5

Annotations:
D:5 2 runed translucent doors
D:6 1 runed translucent door, dragonscale333's ghost, novice DjFE


Message History

The orc warrior is almost dead.
The orc warrior is covered in liquid flames!
The orc warrior burns!
You kill the orc warrior!
Sif Muna accepts your kill.
The foxfire hits the orc!
You kill the orc!
Sif Muna accepts your kill.
The foxfire hits the orc!
You kill the orc!
Sif Muna accepts your kill.
Your Fire Magic skill increases to level 10!
Casting: Sticky Flame (dangerous; 6% risk of failure)
Confirm with . or Enter, or press ? or * to list all spells.
You conjure some foxfire!
Casting: Foxfire (safe; 1% risk of failure)
Confirm with . or Enter, or press ? or * to list all spells.
You conjure some foxfire!
The foxfire hits the acid dragon.
The acid dragon is lightly wounded.
The foxfire hits the acid dragon.
The acid dragon is moderately wounded.
Okay, then.
You fail to use your ability.
The foxfire hits the acid dragon.
The acid dragon is moderately wounded.
The foxfire hits the acid dragon.
The acid dragon is heavily wounded.
The acid dragon spits acid at you. The splash of acid hits you.
The acid corrodes you!
You are splashed with acid!
You fail to use your ability.
You fail to use your ability.
The acid dragon barely misses you. The acid dragon claws you.
You see here a +0 dagger.
You aren't carrying any scrolls.
You feel very mighty all of a sudden. The gnoll hits you with a +0 whip!
The acid dragon spits acid at you. The splash of acid hits you!
* * * LOW HITPOINT WARNING * * *
You are splashed with acid!
You die...

.........##............#
.......................##
........................#
........................#
.....................<..###
####.))....##.###+#+#.#..
####...)......##.###. #.#.#
.......)......##..... #...#
........).g@.....##### #####
..........D..........# #
..................##.###+###
............................
...).......................#
......)....#...............#
....)......#.....###.#######
.....................## #.#
................#....# #..


You could see an acid dragon (catching breath) and a gnoll.

Vanquished Creatures
  Pikel (D:6)
  A kobold demonologist (D:7)
  Maggie (D:6)
  Prince Ribbit (D:5)
  Duvessa (D:5)
  A water moccasin (D:8)
  2 ice beasts
  2 orc warriors (D:8)
  2 necrophages
  A centaur (D:5)
  2 lemures (D:6)
  2 bullfrogs
  A kobold brigand (D:8)
  A gnoll sergeant (D:7)
  2 scorpions (D:6)
  Dowan (D:5)
  A howler monkey (D:6)
  A centaur zombie (D:6)
  A bullfrog zombie (D:5)
  2 jellies
  A hound (D:5)
  3 iguanas
  3 mummies (Ossuary)
  21 gnolls
  7 adders
  3 white imps
  2 ufetubi
  A worm (D:3)
  4 dart slugs
  7 orcs
  8 ball pythons
  5 bats
  5 endoplasms
  5 giant cockroaches
  5 goblins
  6 hobgoblins
  3 jackals (D:3)
  14 kobolds
  4 quokkas
  7 frilled lizards
  5 rats
146 creatures vanquished.

Vanquished Creatures (others)
  A bat (D:1)
  685 foxfires
686 creatures vanquished.

Grand Total: 832 creatures vanquished

Notes
Turn   | Place    | Note
-------+----------+-------------------------------------------
     0 | D:1      | raph the Human Fire Elementalist began the quest for the
                  | Orb.
     0 | D:1      | Reached XP level 1. HP: 13/13 MP: 3/3
    72 | D:1      | Found Boaro's Distillery.
   199 | D:1      | Found a faded altar of an unknown god.
   286 | D:1      | Reached XP level 2. HP: 19/19 MP: 3/5
   892 | D:1      | Reached XP level 3. HP: 24/24 MP: 0/6
   896 | D:1      | Learned a level 3 spell: Conjure Flame
  2167 | D:2      | Reached XP level 4. HP: 30/30 MP: 2/7
  2268 | D:2      | Reached skill level 4 in Fire Magic
  3186 | D:3      | Reached XP level 5. HP: 35/35 MP: 1/8
  3594 | D:3      | Found a glowing golden altar of the Shining One.
  4003 | D:3      | Learned a level 4 spell: Sticky Flame
  5262 | D:4      | Reached XP level 6. HP: 35/41 MP: 5/9
  5316 | D:4      | Reached skill level 5 in Fire Magic
  5758 | D:4      | Found a staircase to the Ecumenical Temple.
  6444 | D:4      | Found Foidet's Elemental Accessories.
  6517 | D:1      | Bought a potion of heal wounds for 70 gold pieces
  6517 | D:1      | Bought a potion of haste for 140 gold pieces
  6852 | D:5      | Entered Level 5 of the Dungeon
  6857 | D:5      | Found a large runed translucent door.
  6861 | D:5      | Found a large runed translucent door.
  6861 | D:5      | Found a corrupted altar of Lugonu.
  6906 | D:5      | Noticed Prince Ribbit
  6915 | D:5      | Killed Prince Ribbit
  6916 | D:5      | Reached skill level 5 in Conjurations
  6916 | D:5      | Reached XP level 7. HP: 27/46 MP: 4/10
  6922 | D:5      | Reached skill level 6 in Fire Magic
  7139 | D:5      | Reached XP level 8. HP: 12/52 MP: 1/11
  7220 | Temple   | Entered the Ecumenical Temple
  7380 | Temple   | Became a worshipper of Sif Muna the Loreminder
  7454 | D:5      | Found a sand-covered staircase.
  7462 | Ossuary  | Entered an ossuary
  8203 | D:5      | Found a one-way gate to the infinite horrors of the Abyss.
  8233 | D:5      | Noticed Duvessa
  8244 | D:5      | Killed Duvessa
  8244 | D:5      | Noticed Dowan
  8245 | D:5      | Reached skill level 7 in Fire Magic
  9617 | D:5      | Killed Dowan
 10366 | D:6      | Noticed Maggie
 10380 | D:6      | Killed Maggie
 10381 | D:6      | Reached skill level 8 in Fire Magic
 10381 | D:6      | Reached XP level 9. HP: 57/57 MP: 0/12
 10618 | D:6      | Noticed Pikel
 11516 | D:6      | Killed Pikel
 11517 | D:6      | Reached skill level 9 in Fire Magic
 11869 | D:6      | Found a runed translucent door.
 11870 | D:6      | Found a shimmering altar of Xom.
 11870 | D:6      | Noticed dragonscale333's ghost (novice DjFE)
 11870 | D:6      | Noticed a +1 spear of chaos
 11915 | D:7      | Reached * piety under Sif Muna
 12064 | D:7      | Noticed a kobold demonologist
 12064 | D:7      | Noticed a kobold demonologist
 12065 | D:7      | Noticed a kobold demonologist
 12069 | D:7      | Noticed a rust devil
 12070 | D:7      | Noticed a sixfirhy
 12071 | D:7      | Noticed an ice devil
 12535 | D:8      | Noticed a two-headed ogre
 12772 | D:7      | Killed a kobold demonologist
 12773 | D:7      | Reached XP level 10. HP: 63/63 MP: 6/13
 12790 | D:7      | Noticed a sixfirhy
 13205 | D:8      | Learned a level 5 spell: Fireball
 13414 | D:8      | Reached skill level 1 in Invocations
 13464 | D:8      | Reached skill level 10 in Fire Magic
 13473 | D:8      | Splashed by an acid dragon's acid

Illustrated notes

Levels and vault maps discovered:
D:1:      tarquinn_simple_flora_water_a, layout_basic, serial_shops,
          nicolae_shop_window_shopping, ebering_ecumenical_altar_rust
D:2:      layout_basic
D:3:      kennysheep_six_static_rooms, layout_basic,
          mainiacjoe_overflow_tiny_flanked
D:4:      layout_loops_ring, minmay_temple_entry_from_below_a, st_stairs_7,
          nicolae_elemental_shop, hangedman_decor_slide_cut
D:5:      due_chaos_kobolds, layout_loops_ring, nicolae_ossuary_entry_plus,
          roderic_lattice_a, uniq_prince_ribbit1, uniq_duvessa
D:6:      layout_basic, ebering_ghost_xom, minmay_misc_feat_columns,
          uniq_maggie, uniq_pikel
D:7:      layout_basic
D:8:      layout_basic, uniq_psyche
Temple:   dpeg_three_leaves_temple

Skill      XL: |  1  2  3  4  5  6  7  8  9 10 |
---------------+-------------------------------+-----
Conjurations   | 2 3 5 7 9 |  9.5
Fire Magic     | 4 5 6 8 9 10 | 10.0
Invocations    | 1 |  1.7
Dodging        | |  2.0
Stealth        | |  2.0
Spellcasting   | |  2.0

Action                   |  1- 3 |  4- 6 |  7- 9 | 10-12 || total
-------------------------+-------+-------+-------+-------++-------
Melee: Unarmed           |    11 |       |       |       ||    11
       Whip              |     1 |     3 |       |       ||     4
       Long sword        |       |       |     3 |       ||     3
 Fire: Hunting sling     |       |     4 |     5 |       ||     9
 Cast: Foxfire           |    65 |   150 |   165 |    39 ||   419
       Sticky Flame      |       |     1 |    16 |     2 ||    19
  Use: Scroll            |     4 |     7 |     4 |       ||    15
       Potion            |       |       |     1 |     1 ||     2
Armor: Robe              |    13 |     5 |    15 |       ||    33
       Swamp dragon scal |       |       |    12 |     6 ||    18
Dodge: Dodged            |    28 |    21 |    93 |     6 ||   148
       Rpst.: Long sword |       |       |    10 |     2 ||    12
